 Dungeon Crawl Stone Soup version 0.16.1 (webtiles) character file.

121 FedoraBrony69 the Conjurer (level 4, -4/24 HPs)
             Began as a Deep Elf Conjurer on May 9, 2015.
             Killed by divine providence
             ... invoked by an orc priest
              (9 damage)
             ... on level 3 of the Dungeon.
             The game lasted 00:03:50 (2078 turns).

FedoraBrony69 the Conjurer (Deep Elf Conjurer)      Turns: 2078, Time: 00:03:50

Health: -4/24      AC:  3    Str:  5    XL:     4   Next: 77%
Magic:  11/17      EV: 13    Int: 21    God:
Gold:   120        SH:  0    Dex: 15    Spells: 2 memorised, 8 levels left

rFire  . . .     SeeInvis .     f - +0 spear
rCold  . . .     Clarity  .     a - +0 robe
rNeg   . . .     SustAb   +     (no shield)
rPois  .         Gourm    .     (no helmet)
rElec  .         Spirit   .     e - +0 cloak
rCorr  .         Warding  .     (no gloves)
rMut   .         Stasis   .     (no boots)
MR     .....                    (no amulet)
Stlth  ++........               (no ring)
                                v - ring of sustain abilities

@: not resistant to hostile enchantments, unstealthy
A: no striking features
a: no special abilities


You were on level 3 of the Dungeon.
You were not hungry.

You visited 1 branch of the dungeon, and saw 3 of its levels.

You collected 120 gold pieces.

Inventory:

Hand weapons
 f - a +0 spear (weapon)
Armour
 a - a +0 robe (worn)
 e - a +0 cloak (worn)
Jewellery
 v - a ring of sustain abilities (left hand)
Magical devices
 r - a wand of enslavement (1)
Scrolls
 g - 3 scrolls of identify {unknown}
 m - a scroll of fear {unknown}
 o - a scroll of enchant armour {unknown}
 s - a scroll of immolation {unknown}
 u - a scroll of fog {unknown}
Potions
 d - a potion of invisibility {unknown}
 h - a potion of cure mutation {unknown}
 i - a potion of heal wounds {unknown}
 j - a potion of agility {unknown}
 n - a potion of restore abilities {unknown}
 q - a potion of curing {unknown}
Books
 c - a book of Conjurations

   Spells                             Type                      Level
   a - Magic Dart                     Conjuration                  1
   b - Searing Ray                    Conjuration                  2
   c - Dazzling Spray                 Conjuration/Hexes            3
   d - Fulminant Prism                Conjuration/Hexes            4
   e - Iskenderun's Mystic Blast      Conjuration                  4
   f - Iskenderun's Battlesphere      Conjuration/Charms           5
 t - a book of Power

   Spells                             Type                      Level
   a - Fulminant Prism                Conjuration/Hexes            4
   b - Iskenderun's Mystic Blast      Conjuration                  4
   c - Venom Bolt                     Conjuration/Poison           5
   d - Bolt of Magma                  Conjuration/Fire/Earth       5
   e - Iron Shot                      Conjuration/Earth            6
   f - Orb of Destruction             Conjuration                  7
   g - Spellforged Servitor           Conjuration/Summoning        7
Comestibles
 b - 5 bread rations
 k - 2 meat rations
 l - a slice of pizza
 p - 2 royal jellies
 w - a chunk of flesh


   Skills:
 - Level 2.4 Dodging
 - Level 2.4 Stealth
 + Level 5.4 Spellcasting
 + Level 5.5 Conjurations


You had 8 spell levels left.
You knew the following spells:

 Your Spells              Type           Power        Failure   Level  Hunger
a - Magic Dart            Conj           ####         1%          1    None
b - Iskenderun's Mystic   Conj           ####....     14%         4    ####...


Dungeon Overview and Level Annotations

Branches:
Dungeon (3/15)

Altars:
Okawaru


Message History

Press: ? - help, Shift-Dir - straight line, f/p - orc wizard
Aim: an orc wizard, wielding a dagger and wearing a robe (almost dead)
The magic dart hits the orc wizard.
You kill the orc wizard!
Casting: Magic Dart
Confirm with . or Enter, or press ? or * to list all spells.
Aiming: Magic Dart
Press: ? - help, Shift-Dir - straight line, f - orc
Aim: an orc, wielding a hand axe and wearing a chain mail The magic dart hits the orc.
The orc is moderately wounded.
The orc closely misses you.
The orc priest calls down the wrath of Beogh upon you.
Something smites you!
Ouch! That really hurt!
* * * LOW HITPOINT WARNING * * *
The orc misses you.
The orc priest calls down the wrath of Beogh upon you.
Something smites you!
You die...

..# # ######.# # .#....#.#
# ......#.# # #...##.# #
....#.##############
#..#.#.............
########..#>..............
#..?).o.o@........########
#.#.o######...............
#..<. +...............
###o# #......(######## ..
#.......# ### #.......#
#.).....# #.......#
#########


You could see an orc priest and 2 orcs.

Vanquished Creatures
  An orc wizard (D:3)
  2 adders
  3 worms (D:3)
  An adder zombie (D:3)
  2 giant geckos
  2 oozes
  An orc (D:3)
  A ball python (D:1)
  3 giant cockroaches (D:3)
  8 hobgoblins
  9 bats
  3 giant newts
  5 goblins
  9 kobolds
  A quokka (D:2)
  5 rats (D:2)
56 creatures vanquished.

Notes
Turn   | Place    | Note
--------------------------------------------------------------
     0 | D:1      | FedoraBrony69, the Deep Elf Conjurer, began the quest for the Orb.
     0 | D:1      | Reached XP level 1. HP: 10/10 MP: 5/5
   155 | D:1      | Reached XP level 2. HP: 10/15 MP: 0/8
   933 | D:2      | Reached XP level 3. HP: 19/19 MP: 5/12
  1097 | D:2      | Found an iron altar of Okawaru.
  1143 | D:2      | Reached skill level 5 in Conjurations
  1859 | D:3      | Reached skill level 5 in Spellcasting
  1859 | D:3      | Reached XP level 4. HP: 24/24 MP: 12/17
  1890 | D:3      | Learned a level 4 spell: Iskenderun's Mystic Blast
  2078 | D:3      | Killed from afar by an orc priest

Action                   |  1- 3 |  4- 6 || total
-------------------------+-------+-------++-------
Melee: Spear             |    35 |       ||    35
 Cast: Magic Dart        |    93 |    26 ||   119
  Eat: Chunk             |     3 |       ||     3
